[Event "Team 45 45 League T45"]
[Site "Internet Chess Club"]
[Date "2010.06.12"]
[Round "6"]
[White "TerryMalloy"]
[Black "QueensCounselor"]
[Result "1/2-1/2"]
[WhiteElo "2036"]
[BlackElo "2144"]
[Opening "Sicilian: dragon, classical, Richter variation"]
[ECO "B72"]
[Time "10:01:26"]
[TimeControl "2700+45"]

1. e4 c5 2. Nf3 d6 3. d4 cxd4 4. Nxd4 Nf6 5. Nc3 g6 6. Be3 Bg7 7. Qd2 O-O 8. Be2
Nc6 9. O-O Bd7 10. Rad1 a6 11. h3 Rc8 12. f4 b5 13. a3 Qc7 14. Bf3 Na5 15. Qf2
Nc4 16. Bc1 Nxa3 17. e5 dxe5 18. fxe5 Qxe5 19. Bb7 Rxc3 20. bxc3 Nc4 21. Bf4 Qc5
22. Rfe1 e5 23. Bg5 exd4 24. Bxf6 Bxf6 25. Qxf6 d3+ 26. Qf2 Qxf2+ 27. Kxf2 d2
28. Re2 Bf5 29. Bxa6 Bxc2 30. Rdxd2 Nxd2 31. Rxd2 Bb3 32. Rd7 Bc4 33. Rb7 Ra8
34. Bxb5 Ra2+ 35. Ke3 Bxb5 36. Rxb5 Rxg2 37. c4 Kf8 38. Rb7 Rg3+ 39. Kd4 Rxh3
40. c5 Rh1 41. c6 Rc1 42. Kd5 h5 43. Kd6 Rd1+ 44. Kc7 Ke8 45. Kb8 Rc1 46. c7 h4
47. c8=Q+ Rxc8+ 48. Kxc8 g5 49. Kc7 Ke7 50. Kc6+ Ke6 51. Kc5 f6 52. Kd4 Kf5 53.
Ke3 Kg4 54. Kf2 f5 55. Kg2 Kh5 56. Kf3 Kg6 57. Rb5 Kf6 58. Rb6+ {Game drawn by
mutual agreement} 1/2-1/2

[Event "Team 45 45 League T45"]
[Site "Internet Chess Club"]
[Date "2010.06.11"]
[Round "6"]
[White "upsan"]
[Black "az2112"]
[Result "1-0"]
[WhiteElo "1843"]
[BlackElo "1761"]
[Opening "Old Benoni: Franco-Benoni defense"]
[ECO "C01"]
[Time "10:54:56"]
[TimeControl "2700+45"]

1. e4 e6 2. d4 c5 3. d5 exd5 4. exd5 Nf6 5. c4 d6 6. Nc3 Be7 7. Nf3 O-O 8. Be2
Re8 9. O-O Nbd7 10. Bf4 Nf8 11. Re1 Ng6 12. Bd2 a6 13. Qc2 Qc7 14. h3 Bd7 15.
Bd3 Rab8 16. Re3 Nf4 17. Rxe7 Nxh3+ 18. gxh3 Rxe7 19. Bg5 Bxh3 20. Bxf6 gxf6 21.
Kh2 Qd7 22. Rg1+ Kh8 23. Bxh7 f5 24. Kxh3 Kxh7 25. Ng5+ Kh8 26. Qd1 f4+ 27. Kh4
f6 28. Qh5+ Rh7 29. Qxh7+ Qxh7+ 30. Nxh7 Kxh7 {Black resigns} 1-0

[Event "Team 45 45 League T45"]
[Site "Internet Chess Club"]
[Date "2010.06.14"]
[Round "6"]
[White "Andressa"]
[Black "qs16"]
[Result "0-1"]
[WhiteElo "1535"]
[BlackElo "1750"]
[Opening "Sicilian: Sozin, Leonhardt variation"]
[ECO "B88"]
[Time "14:00:12"]
[TimeControl "2700+45"]

1. e4 c5 2. Nc3 Nc6 3. Nf3 d6 4. Bc4 e6 5. d4 cxd4 6. Nxd4 Nf6 7. Nxc6 bxc6 8.
O-O Be7 9. Re1 O-O 10. Qf3 Nxe4 11. Nxe4 d5 12. Bb3 dxe4 13. Qxe4 Bb7 14. c3 Bf6
15. Bc2 g6 16. Ba4 Qd5 17. Qg4 Bg7 18. Rd1 Qa5 19. Rd7 Rab8 20. Qc4 c5 21. Rb1
Bd5 22. Qg4 Bxc3 23. Bb3 Bg7 24. Qe2 Bxb3 25. axb3 Rxb3 26. Be3 a6 27. h3 Qb6
28. Qc2 Rxb2 29. Rxb2 Qxb2 30. Qxc5 Be5 31. g3 Rb8 32. Qa7 Qb1+ 33. Kg2 Qe4+ 34.
Kf1 Rb1+ 35. Ke2 Rb2+ 36. Rd2 Rxd2+ 37. Kxd2 Qd5+ 38. Ke2 Qb5+ 39. Kf3 Kg7 40.
h4 Qd5+ 41. Ke2 a5 42. f4 Bf6 43. Qa6 Qa2+ 44. Kf3 h5 45. Qb5 Qd5+ 46. Qxd5 exd5
47. Bc1 Bc3 48. Ke2 Kf6 49. Ba3 Kf5 50. Kf3 Bb4 51. Bb2 a4 52. Ba1 a3 53. Bd4
Bd2 54. Ke2 Bc1 55. Kd1 Bb2 56. Bxb2 axb2 57. Kc2 Kg4 58. Kxb2 Kxg3 59. Kc3 Kxh4
60. Kd4 Kg4 61. Ke5 d4 62. Kxd4 Kxf4 {White resigns} 0-1

[Event "Team 45 45 League T45"]
[Site "Internet Chess Club"]
[Date "2010.06.13"]
[Round "6"]
[White "oldsj"]
[Black "Nakke"]
[Result "1-0"]
[WhiteElo "1630"]
[BlackElo "1826"]
[Opening "Sicilian: Pelikan, Chelyabinsk variation"]
[ECO "B33"]
[Time "09:02:04"]
[TimeControl "2700+45"]

1. e4 c5 2. Nf3 Nc6 3. d4 cxd4 4. Nxd4 Nf6 5. Nc3 e5 6. Ndb5 d6 7. Bg5 a6 8. Na3
b5 9. Nd5 Be7 10. Bxf6 Bxf6 11. c3 Bg5 12. Be2 Ne7 13. Nc2 Nxd5 14. Qxd5 Ra7 15.
Nb4 Qb6 16. Rd1 Bb7 17. Qxd6 Qxd6 18. Rxd6 Ke7 19. Rd1 Bxe4 20. f3 Ba8 21. Kf2
Ke6 22. Rd3 a5 23. Nc2 e4 24. Nd4+ Ke5 25. fxe4 Bxe4 26. Nf3+ Bxf3 27. Bxf3 Bh4+
28. g3 Be7 29. Re1+ Kf6 30. Be4 g6 31. Red1 Bc5+ 32. Kf3 Rc7 33. Rd7 Rhc8 34.
Rxc7 Rxc7 35. Rd5 Ke6 36. Ke2 f5 37. Bf3 b4 38. Rd3 a4 39. c4 h5 40. h4 a3 41.
b3 Re7 42. Bd5+ Kf6+ 43. Kd2 g5 44. Rf3 g4 45. Rd3 f4 46. gxf4 Kf5 47. Bg2 Kxf4
48. Rd5 Be3+ 49. Kd3 Kg3 50. Be4 Bf2 51. Rxh5 Kh3 52. c5 g3 53. c6 g2 54. Bxg2+
Kxg2 55. Rh6 Kf3 56. Rf6+ Kg3 57. h5 Be1 58. h6 Bc3 59. Rd6 Rc7 60. Kc4 Kf4 61.
Kd5 Rc8 62. h7 Kf5 63. Rd7 Bf6 64. c7 Kg6 65. Kc6 Bg7 66. Kb7 Rxc7+ 67. Kxc7
Kxh7 68. Kc6 Kg6 69. Rxg7+ {Black resigns} 1-0

[Event "Team 45 45 League T45"]
[Site "Internet Chess Club"]
[Date "2010.06.11"]
[Round "6"]
[White "smitty120"]
[Black "mickeys"]
[Result "0-1"]
[WhiteElo "1922"]
[BlackElo "1912"]
[Opening "French: Rubinstein variation"]
[ECO "C10"]
[Time "19:06:21"]
[TimeControl "2700+45"]

1. e4 e6 2. d4 d5 3. Nc3 dxe4 4. Nxe4 Bd7 5. Bf4 Bc6 6. Qd3 Be7 7. Nf3 Nd7 8.
Be2 Ngf6 9. Neg5 h6 10. Nxe6 fxe6 11. Qg6+ Kf8 12. Ne5 Nxe5 13. dxe5 Be4 14. Qg3
Nd5 15. O-O-O Qe8 16. Rd4 Bf5 17. Bd2 c5 18. Rc4 b5 19. Rf4 Nxf4 20. Bxf4 Rd8
21. Qf3 Kg8 22. g4 Bg6 23. h4 Rd4 24. Qe3 Qc6 25. f3 Qa6 26. a3 Qa4 {White
resigns} 0-1

[Event "Team 45 45 League T45"]
[Site "Internet Chess Club"]
[Date "2010.06.14"]
[Round "6"]
[White "cknights"]
[Black "dpawn"]
[Result "1-0"]
[WhiteElo "1738"]
[BlackElo "1819"]
[Opening "QGD semi-Slav: 5.e3"]
[ECO "D45"]
[Time "22:00:18"]
[TimeControl "2700+45"]

1. d4 d5 2. c4 c6 3. Nf3 Nf6 4. Nc3 e6 5. e3 Bd6 6. Bd3 O-O 7. O-O Nbd7 8. e4
dxe4 9. Nxe4 Nxe4 10. Bxe4 Nf6 11. Bc2 Qc7 12. Bg5 Ng4 13. h3 Nh2 14. Nxh2 Bxh2+
15. Kh1 Bf4 16. Bxf4 Qxf4 17. Qd3 g6 18. Rae1 Rd8 19. Re4 Qf6 20. Qe3 Bd7 21.
Rf4 Qg7 22. Bb3 c5 23. d5 exd5 24. cxd5 Bb5 25. Rb1 c4 26. Bc2 Rxd5 27. Be4 Rd7
28. Qf3 Ba6 29. Bd5 Rad8 30. Rd1 Rf8 31. Rdd4 Qe5 32. Rfe4 Qc7 33. Rh4 Re7 34.
g3 Qb6 35. Qc3 Rfe8 36. Rxh7 Qxd4 37. Qxd4 Kxh7 38. Qf6 b6 39. Bxf7 Bb7+ 40. Kh2
{Black resigns} 1-0

[Event "Team 45 45 League T45"]
[Site "Internet Chess Club"]
[Date "2010.06.13"]
[Round "6"]
[White "AVEMARIA"]
[Black "pishd"]
[Result "0-1"]
[WhiteElo "1682"]
[BlackElo "1650"]
[Opening "Caro-Kann: exchange variation"]
[ECO "B13"]
[Time "09:05:39"]
[TimeControl "2700+45"]

1. e4 c6 2. d4 d5 3. exd5 cxd5 4. Bd3 Nc6 5. c3 Qc7 6. h3 Nf6 7. Nf3 g6 8. O-O
Bf5 9. Bxf5 gxf5 10. Bg5 Ne4 11. Nbd2 Rg8 12. Bh4 Qf4 13. Nxe4 fxe4 14. Bg3 Rxg3
15. fxg3 Qe3+ 16. Kh2 exf3 17. Rxf3 Qe6 18. Qf1 Qg6 19. Qb5 O-O-O 20. Raf1 a6
21. Qb6 f6 22. Rf5 h5 23. Qb3 Qf7 24. Qd1 h4 25. gxh4 Qg8 26. Qf3 Bg7 27. Rf4
Qf7 28. g4 e5 29. dxe5 Nxe5 30. Qg3 Qe6 31. Re1 Qd6 32. Rd4 Nf3+ 33. Kg2 Qxg3+
34. Kxg3 Nxe1 35. c4 {White resigns} 0-1

[Event "Team 45 45 League T45"]
[Site "Internet Chess Club"]
[Date "2010.06.14"]
[Round "6"]
[White "natethegreat"]
[Black "MeoPatacca"]
[Result "0-1"]
[WhiteElo "1798"]
[BlackElo "1856"]
[Opening "Scandinavian (center counter) defense"]
[ECO "B01"]
[Time "15:00:10"]
[TimeControl "2700+45"]

1. e4 d5 2. exd5 Qxd5 3. Nc3 Qa5 4. d4 c6 5. Nf3 Bf5 6. Bf4 e6 7. a3 Nf6 8. Qd2
Nbd7 9. O-O-O Bxa3 10. bxa3 Qxa3+ 11. Kb1 Qb4+ 12. Ka1 Qa3+ 13. Na2 Ne4 14. Qe3
Qa4 15. Ne1 Ndf6 16. Bg3 Ng4 17. Qf3 Rd8 18. Be2 Rxd4 19. h3 Rxd1+ 20. Bxd1 Nxg3
21. fxg3 Qd4+ 22. c3 Qb6 23. Bc2 Ne5 24. Qf4 Bxc2 25. Nxc2 Nd3 26. Rb1 Qxb1+ 27.
Kxb1 Nxf4 28. gxf4 Ke7 29. Ne3 Rd8 30. Kc2 f6 31. Nc1 b5 32. Nb3 Kd6 33. c4 Kc7
34. c5 Ra8 35. Na5 e5 36. fxe5 fxe5 37. Kd3 Rd8+ 38. Ke4 Rd4+ 39. Kxe5 Ra4 40.
Nf5 Rxa5 41. Nxg7 b4 42. Kd4 b3 43. Kc3 {White resigns} 0-1

[Event "Team 45 45 League T45"]
[Site "Internet Chess Club"]
[Date "2010.06.12"]
[Round "6"]
[White "EireChess"]
[Black "avila"]
[Result "1-0"]
[WhiteElo "1795"]
[BlackElo "1670"]
[Opening "French: advance variation"]
[ECO "C02"]
[Time "11:52:48"]
[TimeControl "2700+45"]

1. e4 e6 2. d4 d5 3. e5 c5 4. c3 Qb6 5. a3 Nc6 6. Nf3 Bd7 7. b4 cxd4 8. cxd4
Nge7 9. Bb2 Nf5 10. Be2 Rc8 11. O-O Na5 12. Nbd2 Be7 13. Bd3 O-O 14. Bxf5 exf5
15. bxa5 Qxb2 16. Rb1 Qxa3 17. Rxb7 Ba4 18. Qa1 Bc6 19. Qxa3 Bxa3 20. Rxa7 Ra8
21. Rxa8 Rxa8 22. Nb3 Bb4 23. Ra1 Bb5 24. h3 Bc4 25. Nfd2 Kf8 26. Nxc4 dxc4 27.
Ra4 cxb3 28. Rxb4 Rxa5 29. Rxb3 Ra1+ 30. Kh2 Rd1 31. Rb4 f4 32. g3 Rd2 33. Kg2
fxg3 34. Kxg3 Ke7 35. f3 Ke6 36. Rb6+ Kf5 37. Rd6 g5 38. Rf6# {Black checkmated}
1-0

[Event "Team 45 45 League T45"]
[Site "Internet Chess Club"]
[Date "2010.06.12"]
[Round "6"]
[White "vkpanch"]
[Black "GreatBendini"]
[Result "0-1"]
[WhiteElo "1658"]
[BlackElo "1796"]
[Opening "Scandinavian: Icelandic gambit"]
[ECO "B01"]
[Time "21:00:37"]
[TimeControl "2700+45"]

1. e4 d5 2. exd5 Nf6 3. c4 e6 4. d4 exd5 5. Nc3 Bb4 6. Nf3 O-O 7. Be2 dxc4 8.
Bxc4 Nc6 9. O-O Bg4 10. Bg5 h6 11. Bxf6 Qxf6 12. Nd5 Qd6 13. Ne3 Bxf3 14. Qxf3
Qxd4 15. Rad1 Qxb2 16. Rd7 Ne5 17. Qf5 Nxd7 18. Qxd7 Bd6 19. Nf5 Qe5 20. g3 Rae8
21. Ne3 Re7 22. Qg4 Qg5 23. Qf3 b6 24. Nd5 Re5 25. Qg2 Qd2 26. Qf3 b5 27. Rd1
Re1+ 28. Rxe1 Qxe1+ 29. Bf1 a6 30. Qg4 Bc5 31. Nf6+ Kh8 32. Ne4 f5 33. Qh5 Qxe4
34. h4 Qe1 35. Qf3 Qe4 36. Qh5 Rd8 37. Bg2 Qe1+ 38. Kh2 Qxf2 39. Qf7 Rd2 40.
Qe8+ Kh7 41. Qa8 Bd6 {White resigns} 0-1

[Event "Team 45 45 League T45"]
[Site "Internet Chess Club"]
[Date "2010.06.11"]
[Round "6"]
[White "TwoEqualsOne"]
[Black "soccerisfun"]
[Result "0-1"]
[WhiteElo "1679"]
[BlackElo "1620"]
[Opening "QGD: Tarrasch, von Hennig-Schara gambit"]
[ECO "D32"]
[Time "19:00:22"]
[TimeControl "2700+45"]

1. d4 d5 2. c4 e6 3. Nc3 c5 4. cxd5 cxd4 5. Qxd4 Nc6 6. Qd1 exd5 7. Qxd5 Be6 8.
Qxd8+ Rxd8 9. Bd2 Nb4 10. O-O-O Nxa2+ 11. Nxa2 Bxa2 12. e4 Rc8+ 13. Bc3 Bb4 14.
Bb5+ Kf8 15. Ne2 Bxc3 16. Nxc3 Nf6 17. f3 Ke7 18. e5 Nd5 19. Rd3 a6 20. Ba4 b5
21. Bc2 Nb4 22. Rd2 Nxc2 23. Kxc2 b4 24. Ra1 bxc3 {White resigns} 0-1

[Event \"Team 45 45 League T45\"]\n[Site \"Internet Chess Club\"]\n[Date \"2010.06.14\"]\n[Round \"6\"]\n[White \"Ptzz\"]\n[Black \"TerryMalloy\"]\n[Result \"1-0\"]\n[WhiteElo \"2101\"]\n[BlackElo \"1995\"]\n[Opening \"QGA: 4...e6\"]\n[ECO \"D26\"]\n[Time \"11:00:12\"]\n[TimeControl \"2700+45\"]\n1. d4 {0:45:15} d5 {0:45:37} 2. c4 {0:45:53} dxc4 {0:46:13} 3. Nf3 {0:46:25}\nNf6 {0:46:49} 4. e3 {0:47:04} e6 {0:47:21} 5. Bxc4 {0:47:42} a6 {0:47:58} 6.\nO-O {0:48:16} Nbd7 {0:48:31} 7. Nc3 {0:45:29} b5 {0:42:53} 8. Bb3 {0:42:58}\nc5 {0:35:45} 9. d5 {0:40:51} c4 {0:30:34} 10. dxe6 {0:41:14} fxe6 {0:31:11}\n11. Bc2 {0:40:02} Bb7 {0:29:53} 12. e4 {0:35:57} Nc5 {0:28:11} 13. Qxd8+\n{0:34:42} Rxd8 {0:28:49} 14. e5 {0:34:38} Nd5 {0:24:55} 15. Bg5 {0:32:45}\nBe7 {0:22:41} 16. Ne4 {0:32:31} Nxe4 {0:19:20} 17. Bxe4 {0:32:55} h6\n{0:18:39} 18. Bxe7 {0:31:09} Kxe7 {0:19:18} 19. Nh4 {0:29:00} Rhg8 {0:17:55}\n20. Bh7 {0:28:28} Rge8 {0:16:01} 21. Bg6 {0:29:04} Rf8 {0:16:11} 22. Be4\n{0:29:02} Kf7 {0:16:39} 23. f4 {0:28:28} Rd7 {0:13:37} 24. f5 {0:28:45} Rfd8\n{0:05:49} 25. fxe6+ {0:28:30} Kxe6 {0:06:28} 26. Bf5+ {0:28:58} Kxe5\n{0:07:09} 27. Bxd7 {0:29:17} Rxd7 {0:07:52} 28. Ng6+ {0:28:39} Kd6 {0:07:05}\n29. Rad1 {0:27:20} Kc5 {0:05:16} 30. Rf5 {0:27:00} b4 {0:04:28} 31. Nf4\n{0:25:02} c3 {0:04:20} 32. bxc3 {0:25:17} bxc3 {0:05:01} 33. Nd3+ {0:25:18}\nKb5 {0:05:26} 34. Rb1+ {0:25:19} Ka5 {0:04:12} 35. Rxb7 {0:22:50} Rxb7\n{0:04:23} 36. Rxd5+ {0:23:27} Kb6 {0:05:03} 37. Rc5 {0:23:55} Rd7 {0:04:33}\n38. Rxc3 {0:24:31} Rf7 {0:04:59} 39. Ne5 {0:24:22} Rf5 {0:05:39} 40. Nf3\n{0:24:44} Ra5 {0:06:14} 41. Rc2 {0:25:20} Kb5 {0:06:46} 42. Nd4+ {0:25:48}\nKa4 {0:07:22} 43. Ne6 {0:26:21} g6 {0:07:27} 44. Nc7 {0:25:37} Ka3 {0:07:44}\n45. h3 {0:24:28} h5 {0:08:10} 46. h4 {0:24:56} Ra4 {0:08:42} 47. g3\n{0:25:28} a5 {0:08:55} 48. Nb5+ {0:25:33} Kb4 {0:09:36} 49. Nd4 {0:25:54}\nRa3 {0:10:03} 50. Kf2 {0:26:10} Rd3 {0:10:37} 51. Nc6+ {0:26:25} Kb5\n{0:11:12} 52. Ne5 {0:26:57} Rd6 {0:11:53} 53. Ke3 {0:27:15} a4 {0:12:34} 54.\nKf4 {0:27:03} a3 {0:13:08} 55. Rc3 {0:26:09} Kb4 {0:13:40} 56. Rb3+\n{0:26:48} Ka4 {0:14:17} 57. Rxa3+ {0:27:25} {Black resigns} 1-0\n

[Event "Team 45 45 League T45"]
[Site "Internet Chess Club"]
[Date "2010.06.13"]
[Round "6"]
[White "allegreison"]
[Black "Jack-ONeill"]
[Result "1/2-1/2"]
[WhiteElo "1764"]
[BlackElo "2054"]
[Opening "Budapest: Adler variation"]
[ECO "A52"]
[Time "15:00:37"]
[TimeControl "2700+45"]

1. d4 Nf6 2. c4 e5 3. dxe5 Ng4 4. Nf3 Nc6 5. Bg5 Be7 6. Bxe7 Qxe7 7. Nc3 Ngxe5
8. Nd5 Qd8 9. e3 d6 10. Be2 Bf5 11. O-O O-O 12. b4 Nxf3+ 13. Bxf3 Ne5 14. Be2
Re8 15. Qd4 Nd7 16. Bd3 Bxd3 17. Qxd3 Nf6 18. Qd4 Nxd5 19. cxd5 b6 20. Rac1 a5
21. b5 h6 22. a4 Qe7 23. Rc4 Red8 24. Rfc1 Rd7 25. h3 Ra7 26. Qc3 f6 27. Qd3 Qf7
28. Re4 Re7 29. Rxe7 Qxe7 30. Rc4 Qf7 31. Re4 Ra8 32. Qc4 Kf8 33. Qc6 Rd8 34.
Rc4 Rd7 35. e4 Ke7 36. Qb7 Kf8 37. f4 g5 38. fxg5 fxg5 39. Rc3 Qg7 40. Qc8+ Ke7
41. Rxc7 Qd4+ 42. Kf1 Qd1+ 43. Kf2 Qd2+ 44. Kg1 Qd4+ 45. Kh2 Qe5+ 46. g3 Rxc7
47. Qxc7+ Kf6 48. Qxb6 Qb2+ 49. Kg1 Qb1+ 50. Kf2 Qc2+ 51. Kf3 Qd3+ 52. Qe3 Qf1+
53. Qf2 Qxh3 54. Ke2+ Ke7 55. Qa7+ Kf6 56. Qd4+ Kg6 57. Qf2 Qh5+ 58. Ke3 Qd1 59.
Qf5+ Kg7 60. Qd7+ Kg8 61. Qd8+ Kg7 62. Qxa5 Qg1+ 63. Kf3 Qd1+ 64. Kf2 Qc2+ 65.
Ke3 Qb3+ 66. Kd4 Qd1+ 67. Ke3 Qg1+ 68. Ke2 Qg2+ 69. Kd1 Qf3+ 70. Kc1 Qa3+ 71.
Kc2 Qa2+ 72. Kc3 Qa1+ 73. Kd3 Qb1+ 74. Ke3 Qg1+ {Game drawn by repetition}
1/2-1/2

[Event "Team 45 45 League T45"]
[Site "Internet Chess Club"]
[Date "2010.06.14"]
[Round "6"]
[White "Rhand"]
[Black "Despair"]
[Result "0-1"]
[WhiteElo "1860"]
[BlackElo "2032"]
[Opening "Alekhine's defense: exchange variation"]
[ECO "B02"]
[Time "08:02:26"]
[TimeControl "2700+45"]

1. e4 Nf6 2. e5 Nd5 3. c4 Nb6 4. d4 d6 5. exd6 exd6 6. Nc3 g6 7. Bd3 Bg7 8. Nge2
Nc6 9. Be3 O-O 10. b3 Nb4 11. Bb1 Re8 12. O-O Bg4 13. Re1 Qh4 14. Qd2 c5 15. f3
cxd4 16. Bxd4 Bxd4+ {White resigns} 0-1

[Event "Team 45 45 League T45"]
[Site "Internet Chess Club"]
[Date "2010.06.18"]
[Round "6"]
[White "theophilus"]
[Black "SlimeDog2"]
[Result "1-0"]
[WhiteElo "2212"]
[BlackElo "2166"]
[Opening "Grünfeld: 5.Bg5"]
[ECO "D91"]
[Time "03:10:56"]
[TimeControl "2700+45"]

1. d4 Nf6 2. c4 g6 3. Nc3 d5 4. Nf3 Bg7 5. Bg5 Ne4 6. cxd5 Nxg5 7. Nxg5 e6 8.
Nf3 exd5 9. b4 Qd6 10. Qb3 Nc6 11. e3 Qxb4 12. Qxb4 Nxb4 13. Kd2 a5 14. a3 Na6
15. Nxd5 Be6 16. Bb5+ Kf8 17. Nf4 c5 18. Nxe6+ fxe6 19. Ng5 Ke7 20. Rab1 Nc7 21.
dxc5 Rad8+ 22. Ke2 Nd5 23. Ne4 Nc3+ 24. Nxc3 Bxc3 25. Bd3 Rd7 26. Rhc1 Be5 27.
f4 Bf6 28. Be4 Rhd8 29. Rc2 Rc7 30. Rb5 Rdc8 31. Bxb7 Rb8 32. c6 a4 33. Rc4
{Black resigns} 1-0

[Event "Team 45 45 League T45"]
[Site "Internet Chess Club"]
[Date "2010.06.11"]
[Round "6"]
[White "Memphischess"]
[Black "chess92192"]
[Result "1/2-1/2"]
[WhiteElo "2057"]
[BlackElo "2038"]
[Opening "French: exchange variation"]
[ECO "C01"]
[Time "14:19:11"]
[TimeControl "2700+45"]

1. e4 e6 2. d4 d5 3. exd5 exd5 4. Bd3 Bd6 5. c3 c6 6. Nf3 Nf6 7. O-O O-O 8. Ne5
Ne4 9. f3 Bxe5 10. fxe4 dxe4 11. Bxe4 Bxh2+ 12. Kxh2 Qh4+ 13. Kg1 Qxe4 14. Nd2
Qg6 15. Nf3 Bg4 16. Qb3 Bxf3 17. Rxf3 b6 18. Bf4 Nd7 19. Raf1 Kh8 20. Qa3 Rfe8
21. Rg3 Qe6 22. Qa6 {Game drawn by mutual agreement} 1/2-1/2

[Event "Team 45 45 League T45"]
[Site "Internet Chess Club"]
[Date "2010.06.13"]
[Round "6"]
[White "hewdondada"]
[Black "Darkwizard1"]
[Result "0-1"]
[WhiteElo "1852"]
[BlackElo "1933"]
[Opening "QGD Slav: 4.Nc3"]
[ECO "D15"]
[Time "18:05:52"]
[TimeControl "2700+45"]

1. d4 d5 2. c4 c6 3. Nf3 Nf6 4. Nc3 Bf5 5. cxd5 cxd5 6. Qb3 e6 7. Bg5 Nbd7 8. e3
a6 9. Be2 b5 10. O-O Bd6 11. Rac1 h6 12. Bf4 Bxf4 13. exf4 O-O 14. Ne5 Nxe5 15.
fxe5 Nd7 16. Nb1 Qb6 17. Qe3 f6 18. f4 Rac8 19. Nd2 fxe5 20. fxe5 Rc7 21. g4 Bg6
22. Rxf8+ Nxf8 23. Rxc7 Qxc7 24. Qc3 Qxc3 25. bxc3 Bc2 26. Kf2 Nd7 27. Ke3 Kf7
28. h4 Nb8 29. Nb3 Bxb3 30. axb3 Nc6 31. Bd3 g5 32. h5 Na5 33. b4 Nc6 34. Kd2
Ke8 35. Bg6+ Kd7 36. Bf7 a5 37. bxa5 Nxa5 38. Bg6 Nc4+ 39. Ke2 Na5 40. Bc2 Nb7
41. Kd2 Kc6 42. Kc1 Kb6 43. Kb2 Na5 44. Bd3 Nc6 45. Kb3 b4 46. Bg6 bxc3 47. Kxc3
Kc7 48. Be8 Ne7 49. Kb4 Kd8 50. Ba4 Nc8 51. Kc5 Kc7 52. Be8 Nb6 53. Bb5 Nc8 54.
Ba6 Nb6 55. Kb4 Kc6 56. Ka5 Kc7 57. Bd3 Nd7 58. Bg6 Nb6 59. Bd3 Nc8 60. Kb5 Na7+
61. Kc5 Nc6 62. Bb5 Na5 63. Kb4 Nb7 64. Ba6 Nd8 65. Kc5 Nc6 66. Bc8 Nxd4 67. Ba6
Nc6 68. Be2 Nxe5 69. Kd4 Kd6 70. Bd1 Nc6+ {White resigns} 0-1

[Event "Team 45 45 League T45"]
[Site "Internet Chess Club"]
[Date "2010.06.15"]
[Round "6"]
[White "kidviper"]
[Black "RD1974"]
[Result "1/2-1/2"]
[WhiteElo "1893"]
[BlackElo "1767"]
[Opening "Scandinavian (center counter) defense"]
[ECO "B01"]
[Time "15:01:54"]
[TimeControl "2700+45"]

1. e4 d5 2. exd5 Qxd5 3. d4 Nc6 4. Nf3 e5 5. c4 Qe4+ 6. Be3 Bb4+ 7. Nc3 exd4 8.
Nxd4 Bg4 9. Qd3 Qxd3 10. Bxd3 Ne5 11. Bf1 c6 12. f3 Bd7 13. Rc1 Ne7 14. a3 Ba5
15. Be2 Nf5 16. Nxf5 Bxf5 17. O-O O-O 18. b4 Bc7 19. Rfe1 Rfe8 20. Bf2 Bd3 21.
Bxd3 Nxd3 22. Rxe8+ Rxe8 23. Rd1 Bxh2+ 24. Kxh2 Nxf2 25. Rd7 g6 26. Kg1 Re3 27.
Kxf2 Rxc3 28. Rxb7 Rxa3 29. Rc7 Ra4 30. Rxc6 Rxb4 31. Ke3 a5 32. Ra6 Rxc4 33.
Rxa5 Rc2 34. g4 Kg7 35. Kf4 Rh2 36. Kg3 Rh1 37. Ra6 g5 38. Rb6 f6 39. Kg2 Rh4
40. Kg3 h5 41. gxh5 Rxh5 42. f4 gxf4+ 43. Kxf4 Kg6 44. Kg4 Ra5 45. Rb4 f5+ 46.
Kf4 Ra6 47. Rc4 Kf6 48. Rb4 Ra5 49. Rb6+ Ke7 50. Rb4 Kd6 51. Rd4+ Kc6 52. Rd8
{Game drawn by mutual agreement} 1/2-1/2

[Event "Team 45 45 League T45"]
[Site "Internet Chess Club"]
[Date "2010.06.11"]
[Round "6"]
[White "tenor"]
[Black "PandorasBox"]
[Result "1/2-1/2"]
[WhiteElo "1792"]
[BlackElo "2038"]
[Opening "QP counter-gambit (elephant gambit)"]
[ECO "C40"]
[Time "16:04:13"]
[TimeControl "2700+45"]

1. e4 e5 2. Nf3 d5 3. Nc3 d4 4. Ne2 Nc6 5. d3 Bg4 6. Ng3 Bb4+ 7. Bd2 Bxd2+ 8.
Qxd2 Bxf3 9. gxf3 f6 10. Bg2 Nge7 11. f4 Qd6 12. fxe5 fxe5 13. O-O-O O-O-O 14.
Rhf1 Rdf8 15. Kb1 g6 16. h4 h5 17. Ne2 Qf6 18. Qg5 Qxg5 19. hxg5 h4 20. Bh3+ Kb8
21. f4 exf4 22. Nxf4 Rf7 23. Ne6 Rhh7 24. Nf8 Rhg7 25. Be6 Rxf1 26. Rxf1 a6 27.
Rh1 Ne5 28. Rxh4 Nf3 29. Rh7 Rxh7 30. Nxh7 Nc6 31. Kc1 Nce5 {Game drawn by
mutual agreement} 1/2-1/2

[Event "Team 45 45 League T45"]
[Site "Internet Chess Club"]
[Date "2010.06.11"]
[Round "6"]
[White "Dyzfunk"]
[Black "parrot9"]
[Result "1-0"]
[WhiteElo "1952"]
[BlackElo "1621"]
[Opening "QGD semi-Slav: Meran, Wade variation"]
[ECO "D47"]
[Time "17:02:57"]
[TimeControl "2700+45"]

1. d4 d5 2. c4 c6 3. Nc3 Nf6 4. Nf3 e6 5. e3 Nbd7 6. Bd3 dxc4 7. Bxc4 b5 8. Bd3
Bb7 9. O-O b4 10. Ne4 Nxe4 11. Bxe4 Nf6 12. Bd3 c5 13. Bb5+ Nd7 14. Ne5 Bc8 15.
Qf3 {Black resigns} 1-0

[Event "Team 45 45 League T45"]
[Site "Internet Chess Club"]
[Date "2010.06.12"]
[Round "6"]
[White "Ser-Enigma"]
[Black "sandham"]
[Result "1-0"]
[WhiteElo "2133"]
[BlackElo "2126"]
[Opening "Queen's pawn game, Rubinstein (Colle-Zukertort) variation"]
[ECO "D05"]
[Time "07:00:07"]
[TimeControl "2700+45"]

1. d4 d5 2. Nf3 e6 3. e3 Nf6 4. Bd3 c5 5. b3 Nc6 6. O-O Bd6 7. Bb2 O-O 8. Nbd2
Qe7 9. c4 cxd4 10. exd4 dxc4 11. bxc4 Ba3 12. Qb3 Bxb2 13. Qxb2 Rd8 14. Rfe1 Qb4
15. Nb3 Na5 16. Qc2 Nxb3 17. axb3 Bd7 18. Ng5 h6 19. Ne4 Nxe4 20. Rxe4 Rac8 21.
h3 a6 22. Qe2 Qxb3 23. Rb1 Qa4 24. Rxb7 Bc6 25. Ra7 Bxe4 26. Qxe4 g6 27. Qb7 Rf8
28. Bxg6 Qe8 29. Bd3 Qd8 30. Qe4 f5 31. Qxe6+ {Black resigns} 1-0

[Event "Team 45 45 League T45"]
[Site "Internet Chess Club"]
[Date "2010.06.12"]
[Round "6"]
[White "Deckfuel"]
[Black "jorobo"]
[Result "0-1"]
[WhiteElo "2022"]
[BlackElo "2155"]
[Opening "KGA: Abbazia defense, modern variation"]
[ECO "C36"]
[Time "07:00:06"]
[TimeControl "2700+45"]

1. e4 e5 2. f4 exf4 3. Nf3 d5 4. exd5 Nf6 5. Bc4 Nxd5 6. O-O c6 7. Bxd5 cxd5 8.
d4 Bd6 9. Nc3 Be6 10. Nb5 h6 11. Nxd6+ Qxd6 12. Ne5 g5 13. Qh5 Nd7 14. Bd2 Nxe5
15. dxe5 Qc5+ 16. Kh1 Qxc2 17. Bc3 Qf5 18. Qe2 O-O 19. h3 Rac8 20. Rad1 Rc4 21.
Kg1 Rfc8 22. Rd3 b5 23. Rfd1 b4 24. Bd4 Qe4 25. Qf2 a5 26. R1d2 Rc1+ 27. Kh2 Re1
28. Qf3 Rcc1 29. g4 Rh1+ 30. Kg2 Rhf1 31. Bf2 Kg7 32. Re2 Qc4 33. b3 Qc8 34.
Rdd2 Rh1 35. Qd3 Bxg4 36. e6 Bxe6 37. Bd4+ Kg8 38. Rxe6 Qxe6 39. Re2 Rxh3 40.
Qg6+ fxg6 41. Rxe6 Rg3+ 42. Kf2 Rc2+ 43. Kf1 Rd3 44. Bf2 Rd1+ 45. Kg2 Rdd2 46.
Rd6 Rxf2+ 47. Kh3 Rh2+ 48. Kg4 Rcg2+ 49. Kf3 Rg3# {White checkmated} 0-1

[Event "Team 45 45 League T45"]
[Site "Internet Chess Club"]
[Date "2010.06.13"]
[Round "6"]
[White "TerryMalloy"]
[Black "Ptzz"]
[Result "1/2-1/2"]
[WhiteElo "2039"]
[BlackElo "2089"]
[Opening "QGD Slav defense: exchange variation"]
[ECO "D10"]
[Time "15:00:23"]
[TimeControl "2700+45"]

1. d4 d5 2. c4 c6 3. cxd5 cxd5 4. Nc3 e5 5. Nf3 e4 6. Ne5 f6 7. Qa4+ Nd7 8. Nxd7
Bxd7 9. Qb3 Bc6 10. Bf4 Bd6 11. Bxd6 Qxd6 12. e3 a6 13. Qb6 Rd8 14. Be2 f5 15.
O-O Nf6 16. b4 O-O 17. b5 axb5 18. Nxb5 Bxb5 19. Qxd6 Rxd6 20. Bxb5 Rdd8 21.
Rfb1 Rc8 22. Ba4 Rc4 23. Bb5 Rc2 24. Ba4 Rc4 25. Bb5 {Game drawn by mutual
agreement} 1/2-1/2